 Dungeon Crawl Stone Soup version 0.18-a0-1773-gec4f98e (webtiles) character file.

531578 tyvek the Ninja (level 24, -10/132 HPs)
             Began as a Spriggan Enchanter on Apr 14, 2016.
             Was an Initiate of Gozag.
             Mangled by a death ooze (24 damage)
             ... created by the Royal Jelly
             ... on level 6 of the Pits of Slime on Apr 15, 2016.
             The game lasted 13:10:00 (85489 turns).

tyvek the Ninja (Spriggan Enchanter)               Turns: 85489, Time: 13:10:01

Health: -10/132    AC: -4    Str: 17      XL:     24   Next: 44%
Magic:  44/44      EV: 51    Int: 19 (20) God:    Gozag
Gold:   4189       SH: 18    Dex: 28 (29) Spells: 9 memorised, 24 levels left

rFire  + . .     SeeInvis +     a - +7 captain's cutlass {speed, disarm}
rCold  . . .     Gourm    .     I - +2 robe {Archmagi}
rNeg   + . .     Faith    .     G - +0 buckler of Blue Skies {rF+ Dex+3}
rPois  +         Spirit   .     Y - +3 crown of Dyrovepreva {rElec Int+2 SInv}
rElec  +         Dismiss  .     F - +1 ratskin cloak {rPois rN+ Int-1 Dex-1}
rCorr  +         Reflect  +     (gloves unavailable)
SustAt .         Harm     .     (boots unavailable)
MR     ++++.     Clarity  +     O - brooch of Shielding {Reflect SH+8}
Stlth  ++++++++++               u - +5 ring of strength
                                p - ring of resist corrosion

@: mighty, agile, about to teleport, corroded, very slightly contaminated,
regenerating (expiring), hasted, very quick, incredibly resistant to hostile
enchantments, uncannily stealthy
A: unfitting armour, see invisible, clarity, deformed body, deterioration 1,
herbivore 3, speed 3, slow metabolism 2
a: Potion Petition, Call Merchant, Bribe Branch, Renounce Religion
}: 3/15 runes: serpentine, barnacled, silver


You were on level 6 of the Pits of Slime.
You worshipped Gozag.
Gozag was noncommittal.
You were very hungry.

You visited 9 branches of the dungeon, and saw 51 of its levels.
You also visited: Labyrinth, Ice Cave and Wizlab.

You collected 28102 gold pieces.
You spent 8240 gold pieces at shops.
You paid 15673 gold pieces to Gozag.

Inventory:

Hand Weapons
 a - the +7 captain's cutlass (weapon) {speed, disarm}
   (You took it off a deep elf demonologist on level 3 of the Elven Halls)

   Attacks with this weapon are significantly faster.
Armour
 F - the +1 ratskin cloak (worn) {rPois rN+ Int-1 Dex-1}
   (You bought it in a shop on level 6 of the Lair of Beasts)

   It affects your intelligence (-1).
   It affects your dexterity (-1).
   It protects you from poison.
   It protects you from negative energy.
 G - the +0 buckler of Blue Skies (worn) {rF+ Dex+3}
   (You found it in an ice cave)

   It affects your dexterity (+3).
   It protects you from fire.
 I - a +2 robe of the Archmagi (worn)
   (You took it off an orc sorcerer on level 2 of the Orcish Mines)
 Y - the +3 crown of Dyrovepreva (worn) {rElec Int+2 SInv}
   (You bought it in a shop on level 6 of the Lair of Beasts)

   It affects your intelligence (+2).
   It insulates you from electricity.
   It lets you see invisible.
Rods
 b - a +2 rod of clouds (7/13) {!a}
   (You found it in a labyrinth)
Jewellery
 p - a ring of resist corrosion (left hand)
   (You found it on level 3 of the Lair of Beasts)
 u - a +5 ring of strength (right hand)
   (You bought it in a shop on level 4 of the Shoals)
 O - the brooch of Shielding (around neck) {Reflect SH+8}
   (You took it off a merfolk aquamancer on level 4 of the Shoals)

   [amulet of reflection]

   It shields you and reflects attacks.
   It affects your SH (+8).
 U - the ring "Horuriot" {rC+ Str-4 Int+6 Dex+6}
   (You took it off a deep elf death mage on level 3 of the Elven Halls)

   [ring of protection from cold]

   It affects your strength (-4).
   It affects your intelligence (+6).
   It affects your dexterity (+6).
   It protects you from cold.
Wands
 f - a wand of disintegration (6/24)
   (You found it on level 2 of the Vaults)
 h - a wand of digging (14/24)
   (You found it on level 5 of the Vaults)
 C - a wand of digging (4/24)
   (You found it on level 7 of the Dungeon)
 E - a wand of slowing (17/48)
   (You found it on level 5 of the Vaults)
 P - a wand of iceblast (12/15)
   (You found it on level 5 of the Vaults)
 Q - a wand of hasting (3/9)
   (You found it on level 3 of the Elven Halls)
 R - a wand of heal wounds (2/9)
   (You took it off a minotaur in a labyrinth)
Scrolls
 c - 7 scrolls of amnesia
 i - 11 scrolls of recharging
 m - 26 scrolls of remove curse
 n - 5 scrolls of enchant weapon
 o - 4 scrolls of fog
 s - 10 scrolls of fear
 t - 15 scrolls of teleportation
 z - 2 scrolls of enchant armour
 B - 4 scrolls of holy word {!r}
 J - 8 scrolls of magic mapping {!r}
 M - 6 scrolls of blinking {!r}
 S - 17 scrolls of identify
 W - 2 scrolls of silence
Potions
 e - 22 potions of curing
 g - a potion of berserk rage {!q}
 j - 3 potions of haste
 k - 3 potions of magic
 r - 6 potions of flight
 v - 9 potions of lignification {!q}
 w - 2 potions of ambrosia
 x - 4 potions of agility
 A - 2 potions of heal wounds
 H - 5 potions of might
 K - 5 potions of brilliance
 N - 3 potions of invisibility
Books
 l - a book of Enchantments
   (You bought it in a shop on level 2 of the Orcish Mines)
 L - an Akashic Record
   (You found it on level 5 of the Vaults)
 Z - a Fen Folio
   (You found it on level 5 of the Vaults)
Comestibles
 d - 8 bread rations {@e1}


   Skills:
 - Level 15.2 Fighting
 - Level 14.7 Short Blades
 O Level 27 Dodging
 O Level 27 Stealth
 - Level 9.2 Shields
 - Level 16.2 Spellcasting
 - Level 16.5 Hexes
 * Level 17.5 Charms
 - Level 6.2 Ice Magic


You had 24 spell levels left.
You knew the following spells:

 Your Spells              Type           Power        Failure   Level  Hunger
a - Ensorcelled Hibernat  Hex/Ice        ######       1%          2    None
b - Tukima's Dance        Hex            #######.     0%          3    None
c - Confuse               Hex            #######.     0%          3    None
d - Invisibility          Hex            #######.     1%          6    #####..
e - Deflect Missiles      Chrm/Air       ######....   21%         6    #####..
g - Apportation           Tloc           ###.......   4%          1    None
h - Haste                 Chrm           #######.     1%          6    #####..
r - Regeneration          Chrm/Necr      ######....   1%          3    None
v - Corona                Hex            #######      0%          1    None


Dungeon Overview and Level Annotations

Branches:
Dungeon (15/15)            Temple (0/1) D:5            Lair (8/8) D:8
 Shoals (4/4) Lair:6        Snake (4/4) Lair:3        Slime (6/6) Lair:7
    Orc (2/2) D:9             Elf (3/3) Orc:2        Vaults (5/5) D:14
  Crypt (0/3) Vaults:3     Depths (4/5) D:15

Altars:
Ashenzari
Elyvilon
Gozag
Kikubaaqudgha
Nemelex Xobeh
Pakellas
Qazlal
Trog
Vehumet
Xom
Yredelemnul
Zin
Beogh
Jiyva

Shops:
Orc:2 }(:[!   Elf:1 :   Lair:2 *([[   Lair:6 [   Shoals:4 =([[}   Snake:2 ?
Vaults:2 }   Vaults:5 =   Depths:1 !   Depths:2 *   Depths:3 ?

Portals:
Hell: Depths:1 Depths:2 Depths:3 Depths:4
Pandemonium: Depths:3
Ziggurat: Depths:4

Annotations:
Slime:2 exclusion: 2 upstairs
Slime:4 exclusion: upstairs
Slime:6 Royal Jelly
Elf:1 Asterion, Donald, Saint Roka


Innate Abilities, Weirdness & Mutations

You are tiny and cannot use many weapons and most armour.
You have supernaturally acute eyesight.
You are a herbivore.
You cover ground extremely quickly.
You need consume almost no food.
You possess an exceptional clarity of mind.
Armour fits poorly on your strangely shaped body.
Your body sometimes deteriorates upon taking damage.


Message History

You barely miss the Royal Jelly. The acid blob closely misses you.
The acid blob misses you.
Unknown command.
You hit the Royal Jelly but do no damage.
Your hands burn!
You take 1 damage, and have 63/131 hp.
b - a +2 rod of clouds (13/13) (in hand) {!a} You block the acid blob's attack.
Aim: the Royal Jelly (almost dead)
You create a blast of noxious fumes!
You are feeling very hungry.
Your skin is crawling a little less now.
You block the acid blob's attack. The acid blob spits acid at you.
The splash of acid misses you.
The splash of acid hits the acid blob.
The acid blob completely resists.
The acid blob spits acid at you. The splash of acid misses you.
The splash of acid hits the acid blob.
The acid blob completely resists.
The acid blob spits acid at you. The splash of acid misses you.
The splash of acid hits the acid blob.
The acid blob completely resists.
The acid blob spits acid at you. The splash of acid hits you! You resist.
The acid burns!
You resist.
You take 8 damage, and have 56/131 hp.
Really attack while wielding your +2 rod of clouds (7/13) {!a}? [Y]es or [N]o only, please.
Really attack while wielding your +2 rod of clouds (7/13) {!a}?
Okay, then.
Read which item? (? for menu, Esc to quit)
As you read the scroll of teleportation, it crumbles to dust.
You feel strangely unstable.
The acid blob completely misses you. x3; You block the acid blob's attack.
You block the death ooze's attack. The death ooze completely misses you.
You feel much better.
This wand has 3 charges left.
You block the acid blob's attack.
The acid blob jiggles.
You block the acid blob's attack. The acid blob spits acid at you.
The splash of acid reflects off an invisible shield around you!
The splash of acid hits the acid blob.
The acid blob completely resists.
The acid blob completely misses you.
The death ooze jiggles.
You regained 25 hp, and now have 81/132 hp.
Aim: a death ooze (not susceptible)
Okay, then.
Really attack while wielding your +2 rod of clouds (7/13) {!a}? [Y]es or [N]o only, please.
Really attack while wielding your +2 rod of clouds (7/13) {!a}?
Okay, then.
You feel a cutthroat vibe.
a - the +7 captain's cutlass (weapon)
{speed, disarm} You block the acid blob's attack. x2; The acid blob completely misses you.
You block the death ooze's attack. The death ooze completely misses you.
The acid blob spits acid at you. The splash of acid misses you.
The splash of acid hits the acid blob.
The acid blob completely resists.
You puncture the eye of devastation! You slash the eye of devastation!
The acid blob spits acid at you.
The splash of acid reflects off an invisible shield around you!
The splash of acid hits the acid blob.
The acid blob completely resists.
The acid blob spits acid at you. The splash of acid hits you! You resist.
The acid burns!
You resist.
You take 7 damage, and have 75/132 hp.
You completely miss the eye of devastation.
The acid blob spits acid at you. The splash of acid hits you! You resist.
The acid corrodes you!
The acid burns!
You resist. The acid blob spits acid at you. The splash of acid misses you.
The splash of acid hits the acid blob.
The acid blob completely resists.
The death ooze completely misses you. You block the death ooze's attack.
You take 11 damage, and have 64/132 hp.
You hit the eye of devastation but do no damage.
You block the acid blob's attack. The acid blob completely misses you.
You slash the eye of devastation!
You hit the eye of devastation but do no damage.
You block the acid blob's attack. The acid blob completely misses you.
You hit the eye of devastation but do no damage.
The acid blob spits acid at you. The splash of acid hits you! You resist.
The acid burns!
You resist. The acid blob completely misses you.
You take 13 damage, and have 51/132 hp.
You hit the eye of devastation. The acid blob completely misses you.
You block the death ooze's attack. The death ooze hits you!
* * * LOW HITPOINT WARNING * * *
You block the acid blob's attack.
You take 16 damage, and have 35/132 hp.
You feel much better.
This wand has 2 charges left.
The acid blob spits acid at you. The splash of acid misses you.
The splash of acid hits the acid blob.
The acid blob completely resists.
The acid blob completely misses you. x2
The acid blob hits you!!!
* * * LOW HITPOINT WARNING * * *
You are splashed with acid!
The acid burns!
You resist.
* * * LOW HITPOINT WARNING * * *
The death ooze barely misses you. The death ooze hits you!!
You die...
Your body crumbles into a pile of gold.

..# #....................##
.##$ ##....................#
..# $##....................##
#.# $ ##.....................#
..# ##......................#
.#####......................##
................JJJ.........#
...............JJJJ§.........#
..............JG@JJ§..........#
...............JJJJ§..###....##
................JJ..### ##.##
..................### .#
..................##
...................#
...................##
.....G..............#
....................#


You could see the Royal Jelly, 10 acid blobs, an azure jelly, an eye of
devastation and 4 death oozes.

Vanquished Creatures
  Mara (Snake:4)
  An ancient lich (Vaults:5)
  An iron giant (Depths:3)
  Vashnia (Snake:2)
  Margery (Depths:1)
  Jory (Depths:3)
  Nikola (Snake:4)
  Jorgrun (Shoals:2)
  A lich (Depths:4)
  An Ice Fiend (IceCv)
  A tentacled monstrosity (Vaults:5)
  8 acid blobs
  A quicksilver dragon (Depths:2)
  A deep elf master archer (Elf:3)
  3 titans
  A deep elf blademaster (Elf:3)
  A sphinx (Vaults:3)
  An ancient champion (WizLab)
  The ghost of nightshiftgray the Impaler, an adept MiFi of Okawaru (Depths:2)
  6 shadow dragons
  Kirke (D:11)
  7 tengu reavers
  3 azure jellies
  3 storm dragons
  5 fire giants
  6 greater nagas
  Ilsuiw (Shoals:4)
  The ghost of heiberg the Peltast, a journeyman MiFi of Okawaru (Snake:1)
  Maud (Lair:3)
  Wiglaf (Snake:2)
  10 vault wardens
  A deep elf sorcerer (Elf:1)
  7 frost giants
  The ghost of murphyslaw the Fighter, a journeyman HEHu of Fedhas (D:13)
  Aizul (Snake:1)
  Louise (Snake:2)
  14 ironheart preservers
  24 stone giants
  Nessos (D:12)
  11 very ugly things
  2 vampire knights
  A spriggan defender (Depths:2)
  4 deep elf demonologists
  A salamander stormcaller (Vaults:5)
  Azrael (Elf:1)
  5 dire elephants
  A deep elf annihilator (Elf:3)
  2 spark wasps
  3 deep elf death magi (Elf:3)
  10 merfolk javelineers
  24 vault guards
  7 ettins
  A minotaur (Lab)
  5 fire dragons
  13 great orbs of eyes
  12 yaktaur captains
  7 merfolk impalers
  8 entropy weavers
  2 merfolk avatars
  12 hydras
  14 naga warriors
  4 spriggan air magi
  Harold (Lair:3)
  19 anacondas
  8 rakshasas
  3 ice dragons
  6 centaur warriors
  5 merfolk aquamancers
  5 deep troll shamans
  2 death knights
  2 alligator snapping turtles (Shoals:4)
  4 death yaks (Lair:8)
  A satyr (Shoals:4)
  A hell hog (Depths:1)
  15 naga sharpshooters
  2 tengu warriors
  12 ogre magi
  7 deep troll earth magi
  4 spriggan berserkers
  2 vampire magi
  8 shock serpents
  5 hell knights
  16 deep elf knights
  An orc high priest (Elf:1)
  Nergalle (Orc:2)
  7 salamander mystics
  4 fire crabs
  5 unseen horrors
  10 skeletal warriors
  4 giant orange brains
  A shadow wraith (Vaults:3)
  12 sea snakes
  A storm dragon skeleton (Depths:2)
  16 deep elf archers
  A sea snake (shapeshifter) (Vaults:5)
  31 deep trolls
  3 phantasmal warriors
  3 lindwurms (Snake:4)
  An anubis guard (shapeshifter) (Vaults:4)
  2 flayed ghosts
  A harpy (shapeshifter) (Vaults:4)
  8 hill giants
  5 wizards
  8 naga ritualists
  20 harpies
  7 necromancers
  11 ironbrand convokers
  An orb spider (shapeshifter) (Vaults:1)
  15 mana vipers
  10 orc knights
  3 hornets
  45 ugly things
  8 wolf spiders
  62 deep elf magi
  A wolf spider zombie (D:15)
  A manticore (shapeshifter) (Vaults:5)
  11 orc sorcerers
  A mana viper (shapeshifter) (Depths:1)
  13 salamanders
  6 shining eyes
  9 griffons
  An oklob plant (Lair:8)
  11 manticores
  A faun (shapeshifter) (Depths:4)
  10 fauns
  7 sirens
  8 cyclopes
  A sphinx skeleton (Depths:2)
  2 octopodes (shapeshifter)
  The ghost of ragingrage the Destroyer, a novice OpCj of Vehumet (D:7)
  57 black mambas
  3 centaur zombies
  6 guardian serpents
  25 naga magi
  A black mamba (shapeshifter) (Elf:1)
  30 elephants
  4 water nymphs
  5 eyes of devastation
  Joseph (Lair:1)
  9 vault sentinels
  3 gargoyles
  A titan simulacrum (Depths:2)
  An ice statue (IceCv)
  40 yaktaurs
  8 spiny frogs
  2 yaktaur zombies (Vaults:2)
  A kobold demonologist (Vaults:1)
  An efreet (D:14)
  A komodo dragon (shapeshifter) (Elf:1)
  2 rime drakes
  6 anaconda simulacra (IceCv)
  12 freezing wraiths
  9 komodo dragons
  A golden dragon simulacrum (IceCv)
  A tengu conjurer (D:13)
  6 ice devils (IceCv)
  A troll (shapeshifter) (Vaults:2)
  6 trolls
  A merfolk (shapeshifter) (Vaults:2)
  A jumping spider (shapeshifter) (Vaults:5)
  23 merfolk
  6 jumping spiders
  A two-headed ogre (shapeshifter) (Depths:2)
  74 slime creatures
  A wind drake (shapeshifter) (Depths:4)
  23 two-headed ogres
  2 wind drakes (Shoals:4)
  5 snapping turtles
  A blink frog (shapeshifter) (Vaults:3)
  29 blink frogs
  10 boulder beetles
  An ettin zombie (Depths:2)
  6 vampires
  14 redbacks
  Sigmund (D:4)
  6 spriggans
  2 tarantellas (Depths:1)
  7 air elementals
  2 shadows
  2 tarantellas (shapeshifter)
  48 yaks
  3 dire elephant simulacra (IceCv)
  2 wyverns
  26 water elementals
  A yak (shapeshifter) (Vaults:3)
  4 hogs
  A human (D:7)
  Eustachio (D:4)
  4 basilisks
  A basilisk (shapeshifter) (D:13)
  5 fire elementals
  2 hill giant zombies (WizLab)
  3 hungry ghosts
  A human (shapeshifter) (Vaults:3)
  An elf simulacrum (Depths:2)
  16 hippogriffs
  An iron troll simulacrum (IceCv)
  16 vampire mosquitoes
  Edmund (D:6)
  8 wargs
  3 harpy simulacra (IceCv)
  3 mottled dragons
  A soldier ant (D:13)
  A hell hound (shapeshifter) (Vaults:4)
  A yaktaur simulacrum (Vaults:3)
  38 nagas
  14 water moccasins
  A soldier ant (shapeshifter) (Vaults:1)
  4 hell hounds (Elf:1)
  A human skeleton (Vaults:2)
  A giant eyeball (Slime:6)
  16 porcupines
  4 hydra simulacra (IceCv)
  A giant eyeball (shapeshifter) (Depths:4)
  25 orc warriors
  12 ice beasts
  2 sky beasts (D:15)
  6 wasps
  3 black bears
  5 eyes of draining
  43 ogres
  An alligator simulacrum (IceCv)
  An ettin simulacrum (IceCv)
  16 wolves
  6 boggarts
  13 centaurs
  17 crocodiles
  2 big kobolds (D:13)
  Blork the orc (D:4)
  16 giant frogs
  2 earth elementals
  A water moccasin zombie (D:6)
  6 scorpions
  9 troll zombies (WizLab)
  A swamp dragon simulacrum (IceCv)
  A human simulacrum (Vaults:2)
  An elephant simulacrum (IceCv)
  22 killer bees
  11 wights
  3 howler monkeys
  An electric eel (D:7)
  6 crimson imps
  2 giant frog zombies
  2 draconian simulacra (IceCv)
  13 jellies
  13 orc priests
  9 hounds
  5 centaur skeletons
  3 gnoll shamans (D:13)
  34 orc wizards
  9 worker ants
  9 iguanas
  2 spriggan simulacra (IceCv)
  5 troll simulacra (IceCv)
  A killer bee zombie (D:10)
  29 sheep
  2 centaur simulacra (IceCv)
  3 ogre zombies (WizLab)
  5 hound skeletons
  A howler monkey skeleton (D:4)
  8 gnolls (D:13)
  A naga simulacrum (IceCv)
  70 river rats
  13 adders
  2 ogre simulacra (IceCv)
  5 shadow imps
  6 white imps (IceCv)
  6 ufetubi (IceCv)
  An ooze (D:2)
  An adder skeleton (D:6)
  An adder zombie (D:5)
  3 worms
  2 dart slugs
  11 giant geckos
  72 orcs
  2 giant cockroaches
  7 goblins
  16 hobgoblins
  4 jackals
  2 quokkas
  A ball python (D:3)
  9 bats
  A giant gecko skeleton (D:6)
  5 giant newts
  A jackal skeleton (D:5)
  5 kobolds
  A quokka zombie (D:6)
  4 rats
  A plant (D:13)
2128 creatures vanquished.

Vanquished Creatures (collateral kills)
  2 golden dragons (Vaults:5)
  2 tentacled monstrosities (Vaults:5)
  A titan (Vaults:5)
  A quicksilver dragon (Vaults:5)
  A sphinx (Vaults:5)
  A tengu reaver (Vaults:5)
  4 shadow dragons (Vaults:5)
  A greater naga (Snake:4)
  A fire giant (Vaults:5)
  4 vault wardens
  2 deep elf sorcerers (Elf:3)
  A deep elf elementalist (Elf:3)
  2 ironheart preservers (Vaults:5)
  2 stone giants (Vaults:5)
  2 very ugly things (Vaults:5)
  2 deep elf demonologists
  6 deep elf annihilators
  A merfolk impaler (Shoals:4)
  3 vault guards
  4 deep elf death magi (Elf:3)
  2 naga warriors (Snake:4)
  A yaktaur captain (Vaults:5)
  3 dancing weapons (Vaults:5)
  A naga sharpshooter (Snake:3)
  A deep elf knight (Elf:3)
  2 skeletal warriors (Vaults:2)
  A salamander mystic (Snake:4)
  A flayed ghost (Vaults:5)
  A deep elf archer (Elf:3)
  A deep troll (Vaults:5)
  A naga ritualist (Snake:3)
  3 ironbrand convokers
  A lindwurm (Snake:4)
  A hornet (shapeshifter) (Vaults:5)
  4 deep elf magi
  A black mamba (shapeshifter) (Vaults:5)
  A vault sentinel (Vaults:5)
  3 naga magi
  A moth of wrath (shapeshifter) (Vaults:5)
  A merfolk (Shoals:4)
  3 nagas
  3 ogres (D:13)
  An orc (Elf:3)
  3 crawling corpses (Elf:3)
84 creatures vanquished.

Vanquished Creatures (others)
  An ancient lich (Vaults:5)
  A titan (Vaults:5)
  2 deep elf blademasters (Elf:3)
  A deep elf master archer (Elf:3)
  A sphinx (Vaults:5)
  3 tengu reavers (Vaults:5)
  A fire giant (Vaults:5)
  A frost giant (Vaults:5)
  A deep elf sorcerer (Elf:3)
  2 deep elf elementalists (Elf:3)
  2 stone giants
  A deep elf demonologist (Elf:3)
  2 deep elf death magi
  2 ettins (Vaults:5)
  3 vault guards (Vaults:5)
  A great orb of eyes (Vaults:5)
  4 yaktaur captains
  2 deep elf high priests (Elf:3)
  2 ogre magi
  A hell knight (Vaults:5)
  A deep troll earth mage (Vaults:2)
  A deep elf knight (Elf:3)
  2 deep elf archers
  2 deep trolls
  An orc knight (Vaults:5)
  A wizard (D:10)
  A phantasmal warrior (Vaults:5)
  2 deep elf magi (Elf:3)
  36 dancing weapons
  4 yaktaurs
  A troll (Elf:3)
  5 orc warriors
  2 boggarts
  2 orc wizards
  2 orc priests
  9 orcs
  A crawling corpse (Elf:3)
  29 fungi
  57 plants
193 creatures vanquished.

Grand Total: 2405 creatures vanquished

Notes
Turn   | Place    | Note
--------------------------------------------------------------
     0 | D:1      | tyvek the Spriggan Enchanter began the quest for the Orb.
     0 | D:1      | Reached XP level 1. HP: 9/9 MP: 5/5
     7 | D:1      | HP: 1/9 [hobgoblin/club (2)]
   298 | D:1      | Reached skill level 3 in Spellcasting
   421 | D:1      | Reached XP level 2. HP: 13/13 MP: 5/7
   428 | D:1      | Learned a level 2 spell: Ensorcelled Hibernation
   444 | D:1      | Reached skill level 4 in Hexes
   895 | D:1      | Reached XP level 3. HP: 10/16 MP: 9/9
  1004 | D:1      | Learned a level 3 spell: Confuse
  1008 | D:1      | Learned a level 3 spell: Tukima's Dance
  1031 | D:1      | Reached skill level 4 in Spellcasting
  1434 | D:2      | Found a sparkling altar of Nemelex Xobeh.
  1534 | D:2      | Found a shattered altar of Ashenzari.
  2037 | D:2      | Reached XP level 4. HP: 21/21 MP: 9/11
  2601 | D:3      | Found a stormy altar of Qazlal.
  2845 | D:3      | Found a white marble altar of Elyvilon.
  2845 | D:3      | Found a glowing silver altar of Zin.
  2906 | D:3      | Reached skill level 5 in Hexes
  2990 | D:3      | Reached skill level 5 in Spellcasting
  3258 | D:4      | Reached XP level 5. HP: 22/24 MP: 10/13
  3568 | D:4      | Found an oddly glowing altar of Pakellas.
  3583 | D:4      | Reached skill level 6 in Spellcasting
  3583 | D:4      | Reached skill level 6 in Hexes
  3583 | D:4      | Reached XP level 6. HP: 11/28 MP: 8/16
  3862 | D:4      | Noticed Sigmund
  3867 | D:4      | Killed Sigmund
  3951 | D:4      | Noticed Blork the orc
  3973 | D:4      | Killed Blork the orc
  3973 | D:4      | Reached skill level 7 in Spellcasting
  3981 | D:4      | Found an opulent altar of Gozag.
  3992 | D:4      | Became a worshipper of Gozag Ym Sagoz the Greedy
  4080 | D:4      | Reached skill level 7 in Hexes
  4080 | D:4      | Reached XP level 7. HP: 20/32 MP: 14/18
  4327 | D:4      | Noticed Eustachio
  4338 | D:4      | Killed Eustachio
  4338 | D:4      | Reached skill level 2 in Short Blades
  4445 | D:5      | Entered Level 5 of the Dungeon
  4578 | D:5      | Reached skill level 5 in Stealth
  4667 | D:5      | Reached skill level 3 in Short Blades
  4667 | D:5      | Reached skill level 4 in Dodging
  4826 | D:5      | Found a staircase to the Ecumenical Temple.
  4967 | D:5      | Upgraded the game from 0.18-a0-1764-gf4ddf0b to 0.18-a0-1773-gec4f98e
  4992 | D:5      | Reached skill level 6 in Stealth
  5432 | D:6      | Reached skill level 4 in Short Blades
  5586 | D:6      | Reached XP level 8. HP: 36/36 MP: 19/19
  5628 | D:6      | Noticed Edmund
  5634 | D:6      | Killed Edmund
  5634 | D:6      | Reached skill level 5 in Dodging
  5875 | D:6      | Reached skill level 5 in Short Blades
  6124 | D:7      | Reached skill level 7 in Stealth
  6368 | D:7      | Reached skill level 6 in Dodging
  6372 | D:7      | Reached skill level 6 in Short Blades
  6579 | D:7      | Reached skill level 8 in Stealth
  6626 | D:7      | Noticed ragingrage's ghost (novice OpCj)
  6646 | D:7      | Killed ragingrage's ghost
  6646 | D:7      | Reached skill level 7 in Short Blades
  6646 | D:7      | Reached skill level 7 in Dodging
  6646 | D:7      | Reached XP level 9. HP: 39/39 MP: 15/20
  6858 | D:7      | Reached skill level 9 in Stealth
  6866 | D:7      | Reached skill level 8 in Short Blades
  7058 | D:7      | Reached skill level 8 in Dodging
  7187 | D:8      | Found an opulent altar of Gozag.
  7469 | D:8      | Found a staircase to the Lair.
  7835 | D:9      | Reached skill level 9 in Short Blades
  7839 | D:9      | Reached skill level 9 in Dodging
  7839 | D:9      | Reached skill level 10 in Stealth
  8061 | D:9      | Found a staircase to the Orcish Mines.
  8352 | D:9      | Reached XP level 10. HP: 44/44 MP: 21/21
  8532 | Orc:1    | Entered Level 1 of the Orcish Mines
  8612 | Orc:1    | Noticed an orc knight
  8659 | D:9      | Killed an orc knight
  8731 | Orc:1    | Reached skill level 10 in Short Blades
  8733 | Orc:1    | Reached skill level 11 in Stealth
  8792 | Orc:1    | Found a roughly hewn altar of Beogh.
  9261 | Orc:2    | Entered Level 2 of the Orcish Mines
  9269 | Orc:2    | Reached skill level 10 in Dodging
  9564 | Orc:2    | Reached skill level 1 in Ice Magic
 10064 | Orc:2    | Found a staircase to the Elven Halls.
 10401 | Orc:1    | Reached skill level 2 in Ice Magic
 10707 | Orc:2    | Noticed an orc sorcerer
 10709 | Orc:2    | Noticed an orc sorcerer
 10768 | Orc:2    | Noticed an orc sorcerer
 10790 | Orc:2    | Killed an orc sorcerer
 10868 | Orc:2    | Killed an orc sorcerer
 10868 | Orc:2    | Reached skill level 12 in Stealth
 10868 | Orc:2    | Reached skill level 3 in Ice Magic
 10962 | Orc:2    | Noticed a soul eater
 10963 | Orc:2    | Killed an orc sorcerer
 10963 | Orc:2    | Reached skill level 11 in Dodging
 10964 | Orc:2    | Found Muyddum's Antique Armour Shoppe.
 10966 | Orc:2    | Noticed an orc sorcerer
 10968 | Orc:2    | Noticed an orc sorcerer
 11082 | Orc:2    | Found Sowe Lin's Gadget Emporium.
 11256 | Orc:2    | Paralysed by an orc sorcerer for 2 turns
 11407 | Orc:2    | Noticed a sixfirhy
 11562 | Orc:2    | Killed an orc sorcerer
 11562 | Orc:2    | Reached skill level 4 in Ice Magic
 11562 | Orc:2    | Reached XP level 11. HP: 46/47 MP: 9/22
 11660 | Orc:2    | Killed an orc sorcerer
 11671 | Orc:2    | Found a radiant altar of Vehumet.
 11674 | Orc:2    | Noticed an ogre mage
 11770 | Orc:2    | Found an ancient bone altar of Kikubaaqudgha.
 11772 | Orc:2    | Noticed Nergalle
 11929 | Orc:2    | Noticed an orc sorcerer
 12349 | Orc:2    | Killed Nergalle
 12358 | Orc:2    | Killed an orc sorcerer
 12363 | Orc:2    | Noticed an ogre mage
 12497 | Orc:2    | Killed an ogre mage
 12497 | Orc:2    | Reached skill level 13 in Stealth
 12497 | Orc:2    | Reached skill level 5 in Ice Magic
 12611 | Orc:2    | Found a roughly hewn altar of Beogh.
 12611 | Orc:2    | Found Qishaq Duulu's Distillery.
 12617 | Orc:2    | Killed an ogre mage
 12617 | Orc:2    | Reached skill level 12 in Dodging
 12620 | Orc:2    | Noticed an orc sorcerer
 13038 | Orc:2    | Killed an orc sorcerer
 13096 | Orc:2    | Found Kearheot's Book Emporium.
 13107 | Orc:2    | Bought a book of Party Tricks for 700 gold pieces
 13114 | Orc:2    | Learned a level 6 spell: Invisibility
 13116 | Orc:2    | Learned a level 1 spell: Apportation
 13238 | Orc:2    | Noticed an orc sorcerer
 13342 | D:10     | Entered Level 10 of the Dungeon
 13866 | D:10     | Found a bloodstained altar of Trog.
 13868 | D:10     | Noticed a wizard
 13875 | D:10     | Killed a wizard
 14298 | D:11     | Noticed a hill giant
 14302 | D:11     | Noticed a death knight
 14395 | D:10     | Noticed a hill giant
 14432 | D:10     | Killed a hill giant
 14794 | D:11     | Reached skill level 8 in Spellcasting
 14801 | D:11     | Killed a hill giant
 14801 | D:11     | Reached skill level 14 in Stealth
 14801 | D:11     | Reached skill level 8 in Hexes
 14958 | D:11     | Found a white marble altar of Elyvilon.
 15371 | D:11     | Noticed a white ugly thing
 15394 | D:11     | Killed a white ugly thing
 15394 | D:11     | Reached XP level 12. HP: 51/51 MP: 22/25
 15589 | D:11     | Reached skill level 13 in Dodging
 16081 | D:11     | Reached skill level 9 in Spellcasting
 16548 | D:11     | Reached skill level 9 in Hexes
 16622 | D:12     | Noticed Nessos
 16633 | D:12     | Killed Nessos
 16773 | D:12     | Killed a death knight
 16773 | D:12     | Reached skill level 15 in Stealth
 16867 | D:12     | Noticed Kirke
 16935 | D:11     | Killed Kirke
 16935 | D:11     | Reached skill level 14 in Dodging
 17141 | D:12     | Reached skill level 10 in Spellcasting
 17345 | D:12     | Noticed an eight-headed hydra
 17407 | D:12     | Reached skill level 10 in Hexes
 17423 | D:12     | Killed an eight-headed hydra
 17568 | D:13     | Noticed a centaur warrior
 17571 | D:13     | Noticed a four-headed hydra
 17575 | D:13     | Killed a centaur warrior
 17579 | D:13     | Killed a four-headed hydra
 17579 | D:13     | Reached XP level 13. HP: 46/55 MP: 18/28
 17738 | D:13     | Reached skill level 16 in Stealth
 18163 | D:13     | Noticed murphyslaw's ghost (journeyman HEHu)
 18248 | D:13     | Reached skill level 15 in Dodging
 18696 | D:13     | Killed murphyslaw's ghost
 18696 | D:13     | Reached skill level 11 in Hexes
 19366 | Lair:1   | Entered Level 1 of the Lair of Beasts
 19436 | Lair:1   | Noticed Joseph
 19444 | Lair:1   | Killed Joseph
 19910 | Lair:1   | Reached skill level 17 in Stealth
 21493 | Lair:3   | Found a staircase to the Snake Pit.
 21559 | Lair:3   | Noticed Harold
 21565 | Lair:3   | Reached skill level 16 in Dodging
 21568 | Lair:3   | Killed Harold
 21747 | Lair:3   | Reached skill level 12 in Hexes
 21888 | Lair:3   | Noticed Maud
 22168 | Lair:3   | Killed Maud
 22969 | Lair:3   | Identified a scroll of acquirement
 22981 | Lair:3   | Trevise: hi
 23580 | Lair:4   | Reached skill level 1 in Fighting
 23696 | Lair:4   | Reached XP level 14. HP: 61/61 MP: 29/29
 23825 | Lair:4   | Reached skill level 18 in Stealth
 24018 | Lair:4   | Reached skill level 2 in Fighting
 24952 | Lair:5   | Reached skill level 3 in Fighting
 25741 | Lair:6   | Found a staircase to the Shoals.
 25783 | Lair:6   | Found a labyrinth entrance.
 25797 | Lab      | Entered a labyrinth
 25938 | Lab      | Reached skill level 17 in Dodging
 25940 | Lab      | Reached skill level 4 in Fighting
 26058 | Lab      | Identified a +4 lightning rod (8/13) (You took it off a minotaur in a labyrinth)
 26059 | Lab      | Identified a +2 rod of clouds (13/13) (You found it in a labyrinth)
 26585 | Lair:6   | Reached skill level 5 in Fighting
 26981 | Lair:7   | Reached skill level 19 in Stealth
 27072 | Lair:7   | tyvek: haiii
 27076 | Lair:7   | Found a staircase to the Slime Pits.
 28069 | Lair:8   | Entered Level 8 of the Lair of Beasts
 28153 | Lair:8   | Reached skill level 18 in Dodging
 28290 | Lair:7   | Reached XP level 15. HP: 65/73 MP: 25/30
 28460 | Lair:8   | Reached skill level 6 in Fighting
 28938 | Lair:8   | Reached skill level 20 in Stealth
 30023 | Lair:8   | Reached skill level 7 in Fighting
 30436 | Lair:2   | Bought the +9 dagger of Chilly Death {flash freeze, rPois rF- rC++ MR+} for 1973 gold pieces
 30441 | Lair:2   | Bought a twisted robe for 153 gold pieces
 30452 | Lair:2   | Identified the +1 robe of the Undertaker {-Cast rF+ MP+9} (You bought it in a shop on level 2 of the Lair of Beasts)
 30466 | Lair:2   | Trevise: Nice robe
 30466 | Lair:2   | Trevise: Also Hi
 30907 | D:14     | Reached skill level 1 in Shields
 30925 | D:14     | Reached skill level 19 in Dodging
 30931 | D:14     | Found a gate to the Vaults.
 31057 | D:14     | Gained mutation: You are partially covered in thin metallic scales (AC +2). [potion of mutation]
 31057 | D:14     | Gained mutation: You are clumsy. (Dex -2) [potion of mutation]
 31057 | D:14     | Gained mutation: You occasionally shout uncontrollably at your foes. [potion of mutation]
 31059 | D:14     | Lost mutation: You occasionally shout uncontrollably at your foes. [potion of cure mutation]
 31059 | D:14     | Lost mutation: You are clumsy. (Dex -2) [potion of cure mutation]
 31059 | D:14     | Lost mutation: You are partially covered in thin metallic scales (AC +2). [potion of cure mutation]
 31123 | D:14     | Reached skill level 2 in Shields
 31522 | D:15     | Entered Level 15 of the Dungeon
 31672 | D:15     | Reached skill level 3 in Shields
 31997 | D:15     | Found a staircase to the Depths.
 32330 | D:15     | Trevise: wtf is flash freeze
 32341 | D:15     | tyvek: no idea
 32341 | D:15     | Trevise: huh
 32341 | D:15     | Trevise: cool
 32341 | D:15     | tyvek: yea no idea wtf it does
 32371 | D:15     | Reached skill level 4 in Shields
 32536 | Elf:1    | Entered Level 1 of the Elven Halls
 32547 | Elf:1    | Reached skill level 21 in Stealth
 32565 | Elf:1    | Found a radiant altar of Vehumet.
 32693 | Elf:1    | Reached XP level 16. HP: 80/80 MP: 31/31
 32726 | Elf:1    | Found a frozen archway.
 32790 | IceCv    | Entered an ice cave
 32932 | IceCv    | Trevise: ring ring
 32934 | IceCv    | tyvek: oh skype 1sec
 32934 | IceCv    | tyvek: oo
 33251 | IceCv    | Reached skill level 5 in Shields
 34196 | IceCv    | Noticed an Ice Fiend
 34596 | IceCv    | HP: 20/80 [??? (17)]
 34774 | IceCv    | Killed an Ice Fiend
 34807 | IceCv    | Got a twisted buckler
 34827 | IceCv    | Identified the cursed +0 buckler of Blue Skies {rF+ Dex+3} (You found it in an ice cave)
 35102 | Elf:1    | Found Rotan's Book Shoppe.
 35408 | Elf:1    | Reached skill level 6 in Shields
 35460 | Elf:1    | Reached skill level 20 in Dodging
 35587 | Elf:1    | Noticed Azrael
 35615 | Elf:1    | Killed Azrael
 36232 | Elf:2    | Found a runed gate.
 36234 | Elf:2    | Found a runed gate.
 36235 | Elf:2    | Found a runed gate.
 36267 | Elf:2    | Reached skill level 7 in Shields
 36422 | Elf:2    | Got a warped hand axe
 36768 | Elf:2    | Reached skill level 22 in Stealth
 36920 | Elf:2    | Gained mutation: You are frail (-10% HP). [mutagenic glow]
 37274 | Orc:2    | Bought a potion of cure mutation for 350 gold pieces
 37274 | Orc:2    | Lost mutation: You are frail (-10% HP). [potion of cure mutation]
 37478 | Elf:2    | Reached skill level 8 in Shields
 37505 | Elf:2    | Reached XP level 17. HP: 65/84 MP: 29/32
 37963 | Elf:3    | Entered Level 3 of the Elven Halls
 38018 | Elf:3    | Noticed a Brimstone Fiend
 38083 | Elf:3    | Noticed Saint Roka
 38528 | Elf:3    | Reached skill level 21 in Dodging
 38777 | Elf:3    | Noticed a deep elf master archer
 38789 | Elf:3    | Noticed Asterion
 38789 | Elf:3    | Killed a deep elf blademaster
 38791 | Elf:3    | Noticed Donald
 38794 | Elf:3    | Noticed a deep elf blademaster
 38797 | Elf:3    | Killed a deep elf master archer
 38811 | Elf:3    | Noticed a deep elf blademaster
 38817 | Elf:3    | Noticed a deep elf master archer
 38829 | Elf:3    | Killed a deep elf blademaster
 38832 | Elf:3    | Killed a deep elf master archer
 38832 | Elf:3    | Reached skill level 9 in Shields
 38857 | Elf:3    | Noticed a deep elf blademaster
 38866 | Elf:3    | Killed a deep elf blademaster
 38890 | Elf:3    | Got a clouded amber ring
 39214 | Elf:3    | Got a steaming ruby amulet
 39297 | Elf:3    | Identified the Reference Book on Nocuous Orientation (You found it on level 3 of the Elven Halls)
 39327 | Elf:3    | Identified the Collected Works on Torrid Calling
 39351 | Elf:3    | Identified the Catalogue of Mutagenic Translocation
 39561 | Elf:3    | Identified the ring "Horuriot" {rC+ Str-4 Int+6 Dex+6} (You took it off a deep elf death mage on level 3 of the Elven Halls)
 39571 | Elf:3    | Identified the amulet "Acrofito" {Gourm rN+ Str+3} (You took it off a deep elf demonologist on level 3 of the Elven Halls)
 40757 | Shoals:1 | Entered Level 1 of the Shoals
 40969 | Shoals:1 | Reached skill level 23 in Stealth
 41089 | Shoals:1 | Reached skill level 11 in Short Blades
 41535 | Shoals:2 | Noticed Jorgrun
 41544 | Shoals:2 | Killed Jorgrun
 41703 | Shoals:2 | Gained mutation: You tend to lose your temper in combat. [mutagenic glow]
 42406 | Shoals:3 | Reached skill level 12 in Short Blades
 42937 | Shoals:3 | Reached XP level 18. HP: 88/88 MP: 14/33
 43141 | Shoals:4 | Entered Level 4 of the Shoals
 43714 | Shoals:4 | Noticed Ilsuiw
 44026 | Shoals:4 | Found Caesaud's Antique Armour Shoppe.
 44346 | Shoals:3 | Reached skill level 22 in Dodging
 44904 | Shoals:4 | Found Zebat's Antique Armour Emporium.
 44911 | Shoals:4 | Killed Ilsuiw
 44911 | Shoals:4 | Reached skill level 13 in Short Blades
 44924 | Shoals:4 | Found Toirryunt's Gadget Shoppe.
 44963 | Shoals:4 | Got an uncursed iridescent morningstar {freeze}
 45473 | Shoals:4 | Found Tumaipru's Weapon Emporium.
 45806 | Shoals:4 | Reached skill level 24 in Stealth
 46041 | Shoals:4 | Got a barnacled rune of Zot
 46307 | Shoals:4 | Found Wikoatin's Jewellery Boutique.
 46529 | Shoals:4 | Bought a bloodstained buckler for 294 gold pieces
 46539 | Shoals:4 | Identified the cursed -3 buckler of Imperfection {rElec rF- MR+ Regen+} (You bought it in a shop on level 4 of the Shoals)
 46706 | Shoals:4 | Bought a +5 ring of strength for 453 gold pieces
 47063 | Lair:6   | Bought a polished cloak for 380 gold pieces
 47073 | Lair:6   | Identified the cursed -3 cloak "Itsuyxu" {Regen+} (You bought it in a shop on level 6 of the Lair of Beasts)
 47081 | Lair:6   | Bought the +1 ratskin cloak {rPois rN+ Int-1 Dex-1} for 828 gold pieces
 47081 | Lair:6   | Bought a twisted robe for 228 gold pieces
 47091 | Lair:6   | Identified the +0 robe of Benevolence {+Inv Int-5 Dex+2 Stlth+} (You bought it in a shop on level 6 of the Lair of Beasts)
 47198 | Snake:1  | Entered Level 1 of the Snake Pit
 47278 | Snake:1  | Reached skill level 14 in Short Blades
 47492 | Snake:1  | Noticed Aizul
 47513 | Snake:1  | HP: 22/88 [poisoned by Aizul (bolt of poison)]
 47518 | Snake:1  | HP: 20/88 [poisoned by Aizul (bolt of poison)]
 47524 | Snake:1  | HP: 17/88 [poisoned by Aizul (bolt of poison)]
 47529 | Snake:1  | HP: 16/88 [poisoned by Aizul (bolt of poison)]
 47535 | Snake:1  | HP: 15/88 [poisoned by Aizul (bolt of poison)]
 47543 | Snake:1  | HP: 14/88 [poisoned by Aizul (bolt of poison)]
 47546 | Snake:1  | Noticed heiberg's ghost (journeyman MiFi)
 47549 | Snake:1  | HP: 14/88 [poisoned by Aizul (bolt of poison)]
 47555 | Snake:1  | HP: 14/88 [poisoned by Aizul (bolt of poison)]
 47562 | Snake:1  | HP: 14/88 [poisoned by Aizul (bolt of poison)]
 47914 | Snake:1  | Killed heiberg's ghost
 47989 | Snake:1  | Killed Aizul
 49329 | Snake:1  | HP: 22/88 [something (25)]
 49337 | Snake:1  | HP: 20/88 [poisoned by a naga warrior (splash of poison)]
 49343 | Snake:1  | HP: 20/88 [poisoned by a naga warrior (splash of poison)]
 49349 | Snake:1  | HP: 20/88 [poisoned by a naga warrior (splash of poison)]
 49356 | Snake:1  | HP: 20/88 [poisoned by a naga warrior (splash of poison)]
 50384 | Snake:2  | Noticed Louise
 50389 | Snake:2  | Killed Louise
 50612 | Snake:2  | Found Usyoklia's Magic Scroll Shoppe.
 50612 | Snake:2  | Noticed Wiglaf
 50619 | Snake:2  | Killed Wiglaf
 50693 | Snake:2  | Noticed Vashnia
 50701 | Snake:2  | Killed Vashnia
 50701 | Snake:2  | Reached XP level 19. HP: 93/93 MP: 34/34
 50915 | Snake:2  | Reached skill level 23 in Dodging
 51213 | Snake:3  | Reached skill level 8 in Fighting
 52041 | Snake:3  | Reached skill level 25 in Stealth
 53120 | Lair:6   | Bought the +3 crown of Dyrovepreva {rElec Int+2 SInv} for 1656 gold pieces
 53360 | Snake:4  | Entered Level 4 of the Snake Pit
 53459 | Snake:4  | Noticed Nikola
 53461 | Snake:4  | Noticed Mara
 53479 | Snake:4  | Noticed tyvek's illusion
 53533 | Snake:4  | Reached skill level 9 in Fighting
 54643 | Snake:4  | Killed Nikola
 54989 | Snake:4  | Noticed tyvek's illusion
 54994 | Snake:4  | Killed Mara
 55441 | Snake:4  | Reached skill level 10 in Fighting
 55638 | Snake:4  | HP: 24/98 [naga warrior/war axe (6)]
 56956 | Snake:4  | Reached XP level 20. HP: 79/103 MP: 32/35
 57309 | Snake:4  | Reached skill level 24 in Dodging
 57916 | Snake:4  | Got a serpentine rune of Zot
 58414 | Vaults:1 | Entered Level 1 of the Vaults
 58634 | Vaults:1 | Reached skill level 26 in Stealth
 58799 | Vaults:1 | Reached skill level 13 in Hexes
 60328 | Vaults:1 | Reached skill level 14 in Hexes
 60693 | Vaults:2 | Gained mutation: You are weak. (Str -2) [mutagenic glow]
 61692 | Vaults:2 | Reached skill level 25 in Dodging
 61725 | Vaults:2 | Reached skill level 27 in Stealth
 61791 | Vaults:2 | Found Miujahug's Gadget Emporium.
 62123 | Vaults:2 | Reached XP level 21. HP: 91/108 MP: 18/36
 62371 | Vaults:2 | Reached skill level 15 in Hexes
 64480 | Vaults:3 | Reached skill level 16 in Hexes
 64594 | Vaults:3 | Found a staircase to the Crypt.
 64594 | Vaults:3 | Found an ancient bone altar of Kikubaaqudgha.
 64595 | Vaults:3 | Found a basalt altar of Yredelemnul.
 64949 | Vaults:4 | Reached skill level 26 in Dodging
 65188 | Vaults:4 | Found a magical portal.
 65200 | WizLab   | Entered Zonguldrok's Shrine
 65610 | WizLab   | Noticed an antique lich
 65907 | Vaults:4 | Reached skill level 11 in Fighting
 66428 | Vaults:4 | Got a bloodstained hand axe {flame}
 68314 | Depths:1 | Entered Level 1 of the Depths
 68671 | Depths:1 | Reached skill level 27 in Dodging
 68700 | Depths:1 | Reached skill level 12 in Fighting
 68926 | Depths:1 | Reached XP level 22. HP: 116/116 MP: 33/37
 69456 | Depths:1 | Found Johes's Distillery.
 69465 | Depths:1 | Bought a potion of cure mutation for 525 gold pieces
 69465 | Depths:1 | Lost mutation: You are weak. (Str -2) [potion of cure mutation]
 69465 | Depths:1 | Lost mutation: You tend to lose your temper in combat. [potion of cure mutation]
 69890 | Depths:1 | Found a shimmering altar of Xom.
 69935 | Depths:1 | Noticed Margery
 69990 | Depths:1 | Reached skill level 13 in Fighting
 70068 | Depths:1 | Found a gateway to Hell.
 70085 | Depths:1 | HP: 14/118 [Margery/fireball (23)]
 70325 | Depths:1 | Killed Margery
 71467 | Depths:2 | Found Durgh's General Store.
 71470 | Depths:2 | Noticed nightshiftgray's ghost (adept MiFi)
 72289 | Depths:2 | Reached skill level 11 in Spellcasting
 72637 | Depths:2 | Killed nightshiftgray's ghost
 72799 | Depths:2 | Reached skill level 14 in Fighting
 72888 | Depths:2 | tyvek: go to work Trevise
 72922 | Depths:2 | Trevise: no
 72922 | Depths:2 | tyvek: you have a convincing argument.
 72933 | Depths:2 | Trevise: see
 72964 | Depths:2 | MagmaCrab: fine cutlass
 72988 | Depths:2 | tyvek: i'm liking it ALOT
 72988 | Depths:2 | Trevise: does it disarm yet?
 72988 | Depths:2 | tyvek: yes!
 72988 | Depths:2 | Trevise: how
 72988 | Depths:2 | tyvek: I figured out how it works. it takes the weapon to your hex
 72988 | Depths:2 | Trevise: ohh
 73136 | Depths:3 | Noticed Jory
 73401 | Depths:3 | Killed Jory
 73528 | Depths:3 | MagmaCrab: spriggan strong
 73533 | Depths:3 | tyvek: furthest i've gotten w/ one
 73533 | Depths:3 | tyvek: trying not to screw this one up
 73570 | Depths:3 | Found a one-way gate leading to the halls of Pandemonium.
 74103 | Depths:3 | Reached skill level 12 in Spellcasting
 74426 | Depths:3 | Found Beach's Magic Scroll Boutique.
 74784 | Depths:3 | Reached skill level 15 in Fighting
 75050 | Depths:3 | Noticed an iron giant
 75139 | Depths:3 | Killed an iron giant
 75139 | Depths:3 | Reached XP level 23. HP: 121/126 MP: 35/40
 75226 | Depths:4 | Found a gateway to a ziggurat.
 75334 | Depths:4 | Reached skill level 13 in Spellcasting
 75335 | Depths:4 | Trevise: my blood is pissing me off
 75355 | Depths:4 | HP: 27/126 [spriggan rider/spear (8)]
 75366 | Depths:4 | tyvek: get some new blood
 75366 | Depths:4 | tyvek: on sale at any wal mart
 75366 | Depths:4 | Trevise: Good idea
 75366 | Depths:4 | tyvek: in the meat department
 76536 | Depths:4 | Reached skill level 14 in Spellcasting
 76695 | Depths:3 | Trevise: How to make things not resist spells
 76696 | Depths:3 | Trevise: More skill?
 76696 | Depths:3 | Trevise: need more fighting too
 76696 | Depths:3 | tyvek: mr++++
 76696 | Depths:3 | tyvek: gunna be rough
 76845 | Depths:4 | Trevise: You need haste
 76850 | Depths:4 | Trevise: there
 76850 | Depths:4 | Trevise: book
 76850 | Depths:4 | tyvek: i don't have enough gold :X
 76850 | Depths:4 | tyvek: hahahahahaha
 76850 | Depths:4 | Trevise: lol
 77283 | Orc:2    | Bought a book of Enchantments for 700 gold pieces
 77283 | Orc:2    | Trevise: get deflect missiles too
 77290 | Orc:2    | Learned a level 6 spell: Deflect Missiles
 77297 | Orc:2    | Learned a level 6 spell: Haste
 77297 | Orc:2    | Trevise: +4 charms shit
 77461 | Orc:2    | tyvek: lol my buddy!
 77461 | Orc:2    | tyvek: 1sec. gunna go visit my peeps
 77565 | Elf:1    | Trevise: lmao
 77565 | Elf:1    | tyvek: MY HOMIES
 77567 | Orc:2    | Trevise: Have you done vault yet?
 77567 | Orc:2    | tyvek: down to V4
 77567 | Orc:2    | Trevise: gotcha
 77567 | Orc:2    | Trevise: You can do V5 no problem
 77766 | Vaults:4 | Trevise: Just bribe, easy peezy
 77783 | Vaults:4 | Reached skill level 1 in Charms
 77907 | Vaults:5 | Entered Level 5 of the Vaults
 77910 | Vaults:5 | Trevise: invis?
 77910 | Vaults:5 | tyvek: they all see through it
 77911 | Vaults:5 | Reached skill level 2 in Charms
 77921 | Vaults:4 | Reached skill level 3 in Charms
 77965 | Vaults:4 | Reached skill level 4 in Charms
 78232 | Vaults:5 | Noticed an ancient lich
 78258 | Vaults:4 | Reached skill level 5 in Charms
 78625 | Vaults:5 | Reached skill level 6 in Charms
 78681 | Vaults:4 | Reached skill level 7 in Charms
 79074 | Vaults:4 | Reached skill level 8 in Charms
 79200 | Vaults:5 | Reached skill level 9 in Charms
 79733 | Vaults:5 | Reached skill level 15 in Spellcasting
 79975 | Vaults:5 | Got a silver rune of Zot
 80025 | Vaults:5 | Reached skill level 10 in Charms
 80202 | Vaults:5 | Reached skill level 11 in Charms
 80457 | Vaults:5 | Reached skill level 12 in Charms
 80994 | Vaults:5 | Reached skill level 13 in Charms
 81003 | Vaults:5 | Got a transparent dagger {elec}
 81104 | Vaults:5 | Noticed an ancient lich
 81112 | Vaults:5 | Killed an ancient lich
 81113 | Vaults:5 | Reached XP level 24. HP: 131/131 MP: 43/43
 81131 | Vaults:5 | Trevise: wow
 81131 | Vaults:5 | Trevise: That was fast
 81131 | Vaults:5 | tyvek: very
 81154 | Vaults:5 | Reached skill level 16 in Spellcasting
 81176 | Vaults:5 | Got a warped spear
 81457 | Vaults:5 | Reached skill level 14 in Charms
 81531 | Vaults:5 | Identified the cursed +0 dagger "Pyunea" {elec, rC+ Dex+3} (You took it off a yaktaur on level 5 of the Vaults)
 81533 | Vaults:5 | Trevise: Easiest V5 ever?
 81534 | Vaults:5 | tyvek: nah
 81534 | Vaults:5 | tyvek: easiest was by far that MiFi^Ok
 81534 | Vaults:5 | tyvek: big vamp exec axe
 81534 | Vaults:5 | tyvek: hold tab
 81542 | Vaults:5 | Learned a level 3 spell: Regeneration
 81793 | Vaults:5 | Gained mutation: You possess an exceptional clarity of mind. [potion of beneficial mutation]
 81798 | Vaults:5 | tyvek: a,b,c,d?
 81798 | Vaults:5 | tyvek: i'm KIND of low on food. like 8-9 breads left
 81798 | Vaults:5 | Trevise: You'll be okay
 81798 | Vaults:5 | Trevise: Never heard of anyone starving
 81798 | Vaults:5 | Trevise: Get spellcasting all the way up
 81798 | Vaults:5 | Trevise: Just in case
 81798 | Vaults:5 | Trevise: What are some other high level hexes / charms?
 81798 | Vaults:5 | tyvek: no idea
 81798 | Vaults:5 | tyvek: which shop!?
 81798 | Vaults:5 | Trevise: umm
 81798 | Vaults:5 | tyvek: i need rCorr if i wanna do slime
 81798 | Vaults:5 | Trevise: Don't you need better rings?
 81798 | Vaults:5 | tyvek: kinda yea
 81799 | Vaults:5 | Trevise: what's with you and str- rings
 81799 | Vaults:5 | Trevise: You already have rCorr
 81862 | Vaults:4 | Trevise: You have 3 runes no?
 82378 | Lair:3   | tyvek: yea ... but 4
 82378 | Lair:3   | Trevise: Go extended
 82378 | Lair:3   | Trevise: You'll need more HP
 82484 | Slime:1  | Entered Level 1 of the Pits of Slime
 82518 | Slime:1  | Reached skill level 6 in Ice Magic
 82702 | Slime:1  | MagmaCrab: mmmm backstab royaljelly
 82708 | Slime:1  | Trevise: Discord is late game hex
 82714 | Slime:1  | tyvek: that's the plan magma :D
 82745 | Slime:2  | Trevise: You could get mass confusion too
 82794 | Slime:2  | Gained mutation: Armour fits poorly on your strangely shaped body. [a shining eye]
 82975 | Slime:6  | Entered Level 6 of the Pits of Slime
 82983 | Slime:6  | Reached skill level 15 in Charms
 83216 | Slime:6  | Found a viscous altar of Jiyva.
 83218 | Slime:6  | Noticed the Royal Jelly
 83224 | Slime:6  | tyvek: FUCKER
 83988 | Slime:6  | Gained mutation: Your body sometimes deteriorates upon taking damage. [a shining eye]
 84007 | Slime:6  | Reached skill level 16 in Charms
 84093 | Slime:6  | HP: 32/131 [acid blob/splash of acid (6)]
 84518 | Slime:6  | Reached skill level 17 in Charms
 85083 | Slime:6  | tyvek: lol wtf did he peace out?
 85429 | Slime:5  | MagmaCrab: you have phantom mirror?
 85429 | Slime:5  | tyvek: i've dropped a few of them all over the place :D
 85429 | Slime:5  | tyvek: honestly - i'm horrible about using evokables
 85429 | Slime:5  | tyvek: to the point I just throw them on the ground and kill
 85489 | Slime:6  | HP: 18/132 [acid blob[the Royal Jelly] (41)]
 85489 | Slime:6  | Mangled by a death ooze

Vault maps used:
D:1:      lemuel_arrival_room
D:2:      old_standard_altar, nicolae_ashenzari_panopticon, first_bread
D:3:      grunt_qazlal_clouds, gammafunk_temple_overflow_elements
D:4:      grunt_gozag_breadcrumbs, old_standard_altar, uniq_eustachio,
          uniq_sigmund, uniq_blork_the_orc
D:5:      minmay_temple_entry_statues_pillars
D:6:      uniq_edmund
D:7:      kennysheep_diamond, grunt_livestock
D:8:      lair_0_dummy, basic_altar
D:9:      orc_0_dummy
D:10:     trog_wizard
D:11:     elyvilon_altar_3
D:12:     uniq_kirke, uniq_nessos
D:13:     kennysheep_seaside_town
D:14:     david_vaults_1, infiniplex_staircase_pillars_1
D:15:     hangedman_depths_entry_try_elsewhere_first, minmay_misc_feat_ornament
Lair:1:   serial_bayou_shore_a, grunt_megastairs_4, uniq_joseph
Lair:2:   uniq_nergalle
Lair:3:   dummy_snake_entry, beast_lair_carwin_9, grunt_megastairs_1, uniq_maud,
          uniq_harold
Lair:5:   boulder_quad_collide, infiniplex_staircase_pool_2,
          serial_bayou_shore_b
Lair:6:   elwin_shoals_entry_rocks, lab_entry_generic, lemuel_fruit_tree,
          grunt_megastairs_5
Lair:7:   minmay_slime_entry_eyes
Lair:8:   due_jungle_book, grunt_megastairs_3, lemuel_fruit_fields
Shoals:2: nicolae_shoals_square_sea_wall, uniq_jorgrun
Shoals:4: shoals_end_simple, shoal_ilsuiw, serial_shops, shop_coins,
          nicolae_shop_behind_doors, shop_statue, nicolae_shop_trees,
          nicolae_shop_trees
Snake:1:  nicolae_snake_hallway, nicolae_snake_single_loop,
          hangedman_snake_corridor_split, uniq_aizul
Snake:2:  serial_shops, shop, uniq_wiglaf, uniq_vashnia, uniq_louise
Snake:4:  snake_pit_salamanders_mu, serial_bayou_shore_b, uniq_nikola, uniq_mara
Orc:1:    basic_altar
Orc:2:    kennysheep_orc_mage_school
Elf:1:    eino_elf_arrival_altar, portal_ice_cave_entry_ice_beasts,
          serial_shops, nicolae_shop_stone, hangedman_elf_disciples,
          dk_noncrumbling_3, nicolae_wwwww, uniq_azrael
Elf:3:    minmay_elf_hall_circle, uniq_saint_roka, uniq_asterion, uniq_donald
Vaults:1: grunt_vaults_swirl, vaults_dpeg_hooks, v_pattern_2,
          vaults_mumra_minichess_inversion, hangedman_vaults_trim, v_misc_29,
          vaults_mumra_bighexcomb, ontoclasm_vaults_misaligned,
          ontoclasm_vaults_eye, ontoclasm_vaults_decontamination,
          vaults_room_stairs_pillars, nicolae_vaults_little_squares_1,
          vaults_dpeg_diagonal, ontoclasm_vaults_fault,
          grunt_vaults_hallway_long, grunt_vaults_hallway_long
Vaults:2: vaults_room_grid, nicolae_vaults_quartermaster,
          ontoclasm_vaults_pinch, nicolae_vaults_ring_of_whatevers,
          vaults_room_ringed_pool, vaults_standard_mumra_x,
          ontoclasm_vaults_idyll, nicolae_vaults_little_squares_5,
          nicolae_vaults_what_the_h, vaults_room_semicircle,
          nicolae_vaults_sealed_display, grunt_vaults_hallway_short,
          vaults_room_boxed, v_rooms_4, nicolae_vaults_angled_halls,
          serial_shops, shop
Vaults:3: minmay_crypt_entry_necro_gods, st_more_cells, vaults_room_door_hall,
          vaults_room_door_hall, vaults_standard_mumra_lines, serial_ice_g
Vaults:4: vaults_room_hallway, v_alt_pattern_2, nicolae_vaults_gold_heap,
          nicolae_vaults_circle_grid_a, v_misc_31, st_eye,
          ontoclasm_vaults_loading_screen, nicolae_vaults_mini_display_case,
          nicolae_vaults_asterisk, hangedman_vaults_trim, mu_enter_wizlab_3
Depths:1: serial_co_window_serial, co_window_of_opportunity_a,
          co_window_cross_1, co_window_paths_a, co_window_corner_a,
          co_window_corner_a, co_window_corner_cb, co_window_corner_b,
          co_window_unsneaky_path_b, co_window_2corner,
          co_window_of_opportunity_c, co_window_paths_e, co_window_paths_d,
          serial_shops, nicolae_shop_waterfront, grunt_metal_band,
          hangedman_abyss_or_decor_stabs, xom_teletrap_fun
Depths:2: minmay_fractal_lines_corner, serial_shops, shop_coins,
          roderic_curled_sauvastika, hell_entry, grunt_megastairs_2,
          minmay_staircase_bubble
Depths:3: nooodl_glass_maze, pan_entry, serial_bayou, serial_bayou_ford_a,
          serial_bayou_lagoon_a, serial_bayou_lake_a, serial_bayou_pond_e,
          hell_entry, serial_shops, kennysheep_mini,
          infiniplex_staircase_diamond, uniq_jory
Depths:4: minmay_octagon_city, enter_ziggurat_e, pf_vacation_house_of_asmodeus,
          nicolae_abyss_entry_one_way_or_another, minmay_misc_feat_enclosed,
          serial_bayou_shore_b
Lab:      labyrinth_watery, nicolae_lab_lava
IceCv:    ice_cave_caverns_01
WizLab:   wizlab_zonguldrok

Skill      XL: |  1  2  3  4  5  6  7  8  9 10 11 12 13 14 15 16 17 18 19 20 21 22 23 24 |
---------------+-------------------------------------------------------------------------+-----
Spellcasting   | 3 4 5 6 7 8 10 12 15 16 | 16.2
Hexes          | 4 5 6 7 8 10 12 14 16 | 16.5
Short Blades   | 4 7 9 10 12 14 | 14.7
Stealth        | 6 8 10 12 14 15 17 19 21 22 23 24 25 27 | 27.0
Dodging        | 4 7 9 11 12 14 16 18 19 20 21 22 23 25 27 | 27.0
Ice Magic      | 4 5 6 |  6.2
Fighting       | 1 5 7 10 12 15 | 15.2
Shields        | 4 8 9 |  9.2
Charms         | 13 17 | 17.5

Action                   |  1- 3 |  4- 6 |  7- 9 | 10-12 | 13-15 | 16-18 | 19-21 | 22-24 || total
-------------------------+-------+-------+-------+-------+-------+-------+-------+-------++-------
Melee: Dagger            |   147 |   118 |    42 |       |       |       |       |       ||   307
       Dagger            |       |       |   170 |   524 |  1298 |   519 |       |       ||  2511
       Cutlass           |       |       |       |       |       |   928 |  2197 |  2048 ||  5173
 Cast: Corona            |     8 |       |       |       |       |       |       |       ||     8
       Ensorcelled Hiber |    29 |    49 |    13 |       |       |       |       |       ||    91
       Confuse           |       |     3 |     2 |       |       |       |       |       ||     5
       Confuse           |       |       |    19 |    59 |    25 |    30 |   111 |   109 ||   353
       Ensorcelled Hiber |       |       |    44 |   294 |   247 |   164 |   283 |   225 ||  1257
       Tukima's Dance    |       |       |     2 |     3 |     2 |     8 |    36 |     1 ||    52
       Corona            |       |       |       |     1 |       |       |       |       ||     1
       Invisibility      |       |       |       |     1 |    22 |    35 |    21 |    17 ||    96
       Regeneration      |       |       |       |       |       |       |       |     3 ||     3
Invok: Call Merchant     |       |       |       |     1 |     4 |     1 |       |     1 ||     7
       Bribe Branch      |       |       |       |       |       |     1 |       |     2 ||     3
Evoke: Wand              |       |       |       |       |       |     1 |       |     8 ||     9
       Lamp of fire      |       |       |       |       |       |     1 |       |       ||     1
       Rod               |       |       |       |       |       |       |     1 |     1 ||     2
  Use: Scroll            |     2 |       |    10 |       |       |       |       |       ||    12
       Scroll            |       |       |       |     6 |    17 |    11 |     2 |     8 ||    44
       Potion            |       |       |       |       |     2 |    14 |     5 |    11 ||    32
 Stab: Sleeping          |    25 |    35 |     9 |       |       |       |       |       ||    69
       Confused          |       |     1 |     3 |       |       |       |       |       ||     4
       Sleeping          |       |       |    52 |   148 |   250 |   177 |   223 |   155 ||  1005
       Confused          |       |       |     8 |    33 |    18 |    10 |    37 |    57 ||   163
       Distracted        |       |       |       |     4 |     9 |    31 |    47 |    36 ||   127
       Invisible         |       |       |       |     7 |   190 |   157 |   113 |    95 ||   562
  Eat: Pizza             |       |     2 |       |       |       |       |       |       ||     2
       Fruit             |       |       |     1 |     2 |     7 |    11 |     4 |     2 ||    27
       Bread ration      |       |       |     1 |       |     2 |     5 |     7 |     3 ||    18
       Pizza             |       |       |       |     4 |     4 |     2 |     1 |     2 ||    13
       Royal jelly       |       |       |       |       |     1 |     2 |     1 |     1 ||     5
Armor: Robe              |    17 |    17 |     1 |       |       |       |       |       ||    35
       Robe              |       |       |     4 |    32 |    17 |     8 |    23 |    24 ||   108
Dodge: Dodged            |   120 |   106 |    22 |       |       |       |       |       ||   248
       Dodged            |       |       |    87 |   410 |   608 |   688 |   821 |   856 ||  3470
Block: Buckler           |       |       |       |       |       |   355 |  1020 |   807 ||  2182
       Reflection        |       |       |       |       |       |    24 |    93 |    36 ||   153

Vault maps used:
D:1:      lemuel_arrival_room
D:2:      old_standard_altar, nicolae_ashenzari_panopticon, first_bread
D:3:      grunt_qazlal_clouds, gammafunk_temple_overflow_elements
D:4:      grunt_gozag_breadcrumbs, old_standard_altar, uniq_eustachio,
          uniq_sigmund, uniq_blork_the_orc
D:5:      minmay_temple_entry_statues_pillars
D:6:      uniq_edmund
D:7:      kennysheep_diamond, grunt_livestock
D:8:      lair_0_dummy, basic_altar
D:9:      orc_0_dummy
D:10:     trog_wizard
D:11:     elyvilon_altar_3
D:12:     uniq_kirke, uniq_nessos
D:13:     kennysheep_seaside_town
D:14:     david_vaults_1, infiniplex_staircase_pillars_1
D:15:     hangedman_depths_entry_try_elsewhere_first, minmay_misc_feat_ornament
Lair:1:   serial_bayou_shore_a, grunt_megastairs_4, uniq_joseph
Lair:2:   uniq_nergalle
Lair:3:   dummy_snake_entry, beast_lair_carwin_9, grunt_megastairs_1, uniq_maud,
          uniq_harold
Lair:5:   boulder_quad_collide, infiniplex_staircase_pool_2,
          serial_bayou_shore_b
Lair:6:   elwin_shoals_entry_rocks, lab_entry_generic, lemuel_fruit_tree,
          grunt_megastairs_5
Lair:7:   minmay_slime_entry_eyes
Lair:8:   due_jungle_book, grunt_megastairs_3, lemuel_fruit_fields
Shoals:2: nicolae_shoals_square_sea_wall, uniq_jorgrun
Shoals:4: shoals_end_simple, shoal_ilsuiw, serial_shops, shop_coins,
          nicolae_shop_behind_doors, shop_statue, nicolae_shop_trees,
          nicolae_shop_trees
Snake:1:  nicolae_snake_hallway, nicolae_snake_single_loop,
          hangedman_snake_corridor_split, uniq_aizul
Snake:2:  serial_shops, shop, uniq_wiglaf, uniq_vashnia, uniq_louise
Snake:4:  snake_pit_salamanders_mu, serial_bayou_shore_b, uniq_nikola, uniq_mara
Orc:1:    basic_altar
Orc:2:    kennysheep_orc_mage_school
Elf:1:    eino_elf_arrival_altar, portal_ice_cave_entry_ice_beasts,
          serial_shops, nicolae_shop_stone, hangedman_elf_disciples,
          dk_noncrumbling_3, nicolae_wwwww, uniq_azrael
Elf:3:    minmay_elf_hall_circle, uniq_saint_roka, uniq_asterion, uniq_donald
Vaults:1: grunt_vaults_swirl, vaults_dpeg_hooks, v_pattern_2,
          vaults_mumra_minichess_inversion, hangedman_vaults_trim, v_misc_29,
          vaults_mumra_bighexcomb, ontoclasm_vaults_misaligned,
          ontoclasm_vaults_eye, ontoclasm_vaults_decontamination,
          vaults_room_stairs_pillars, nicolae_vaults_little_squares_1,
          vaults_dpeg_diagonal, ontoclasm_vaults_fault,
          grunt_vaults_hallway_long, grunt_vaults_hallway_long
Vaults:2: vaults_room_grid, nicolae_vaults_quartermaster,
          ontoclasm_vaults_pinch, nicolae_vaults_ring_of_whatevers,
          vaults_room_ringed_pool, vaults_standard_mumra_x,
          ontoclasm_vaults_idyll, nicolae_vaults_little_squares_5,
          nicolae_vaults_what_the_h, vaults_room_semicircle,
          nicolae_vaults_sealed_display, grunt_vaults_hallway_short,
          vaults_room_boxed, v_rooms_4, nicolae_vaults_angled_halls,
          serial_shops, shop
Vaults:3: minmay_crypt_entry_necro_gods, st_more_cells, vaults_room_door_hall,
          vaults_room_door_hall, vaults_standard_mumra_lines, serial_ice_g
Vaults:4: vaults_room_hallway, v_alt_pattern_2, nicolae_vaults_gold_heap,
          nicolae_vaults_circle_grid_a, v_misc_31, st_eye,
          ontoclasm_vaults_loading_screen, nicolae_vaults_mini_display_case,
          nicolae_vaults_asterisk, hangedman_vaults_trim, mu_enter_wizlab_3
Depths:1: serial_co_window_serial, co_window_of_opportunity_a,
          co_window_cross_1, co_window_paths_a, co_window_corner_a,
          co_window_corner_a, co_window_corner_cb, co_window_corner_b,
          co_window_unsneaky_path_b, co_window_2corner,
          co_window_of_opportunity_c, co_window_paths_e, co_window_paths_d,
          serial_shops, nicolae_shop_waterfront, grunt_metal_band,
          hangedman_abyss_or_decor_stabs, xom_teletrap_fun
Depths:2: minmay_fractal_lines_corner, serial_shops, shop_coins,
          roderic_curled_sauvastika, hell_entry, grunt_megastairs_2,
          minmay_staircase_bubble
Depths:3: nooodl_glass_maze, pan_entry, serial_bayou, serial_bayou_ford_a,
          serial_bayou_lagoon_a, serial_bayou_lake_a, serial_bayou_pond_e,
          hell_entry, serial_shops, kennysheep_mini,
          infiniplex_staircase_diamond, uniq_jory
Depths:4: minmay_octagon_city, enter_ziggurat_e, pf_vacation_house_of_asmodeus,
          nicolae_abyss_entry_one_way_or_another, minmay_misc_feat_enclosed,
          serial_bayou_shore_b
Lab:      labyrinth_watery, nicolae_lab_lava
IceCv:    ice_cave_caverns_01
WizLab:   wizlab_zonguldrok

Table legend:
 A = Turns spent in this place as a percentage of turns spent in the entire game.
 B = Non-inter-level travel turns spent in this place as a percentage of non-inter-level travel turns spent in the entire game.
 C = Inter-level travel turns spent in this place as a percentage of turns spent in this place.
 D = Turns resting spent in this place as a percentage of non-inter-level travel turns spent in this place.
 E = Turns spent auto-exploring this place as a percentage of non-inter-level travel turns spent in this place.
 F = Non-inter-level travel turns spent in this place divided by the number of levels of this place that you've seen.
                   A       B       C       D       E      F
               +-------+-------+-------+-------+-------+----------------------
         Total | 100.0 | 100.0 |   0.4 |   3.9 |   6.0 | 560.7
       Dungeon |  16.1 |  16.1 |   0.7 |   4.1 |  10.4 | 325.3
          Lair |  12.5 |  12.4 |   0.6 |   3.6 |   7.7 | 470.9
        Shoals |   8.3 |   8.3 |   0.4 |   4.5 |   6.6 | 626.0
     Snake Pit |  12.2 |  12.2 |   0.5 |   4.8 |   4.0 | 925.0
    Slime Pits |   5.4 |   5.4 |   0.0 |   1.9 |   0.0 | 273.8
  Orcish Mines |   6.3 |   6.3 |   0.6 |   5.9 |   4.1 | 948.0
   Elven Halls |   6.8 |   6.8 |   0.4 |   2.1 |   8.2 | 689.3
        Vaults |  16.5 |  16.5 |   0.4 |   3.9 |   5.6 | 1001.2
        Depths |  11.0 |  11.1 |   0.4 |   3.5 |   4.6 | 836.5
     Labyrinth |   0.8 |   0.8 |   0.0 |   0.8 |   0.0 | 254.0
      Ice Cave |   2.4 |   2.4 |   0.0 |   8.2 |   3.3 | 718.0
        Wizlab |   1.6 |   1.6 |   0.0 |   2.2 |   2.0 | 496.0
               +-------+-------+-------+-------+-------+----------------------

Table legend:
 A = Kills in this place as a percentage of kills in entire the game.
 B = Kills by you in this place as a percentage of kills by you in the entire game.
 C = Kills by friends in this place as a percentage of kills by friends in the entire game.
 D = Other kills in this place as a percentage of other kills in the entire game.
 E = Experience gained in this place as a percentage of experience gained in the entire game.
 F = Experience gained in this place divided by the number of levels of this place that you have seen.
                   A       B       C       D       E      F
               +-------+-------+-------+-------+-------+----------------------
         Total | 100.0 | 100.0 | 100.0 | 100.0 | 100.0 | 19590.6
       Dungeon |  17.8 |  18.3 |   4.3 |  12.9 |   5.4 | 3819.5
          Lair |  14.6 |  15.6 |   0.0 |   0.0 |   7.4 | 9807.9
        Shoals |   7.2 |   7.5 |   2.9 |   0.0 |   8.0 | 21213.8
     Snake Pit |  10.6 |  10.4 |  18.8 |   8.1 |  14.7 | 38889.5
    Slime Pits |   4.3 |   4.6 |   0.0 |   0.0 |   4.9 | 8564.5
  Orcish Mines |   3.7 |   3.7 |   0.0 |   6.5 |   1.1 | 5707.0
   Elven Halls |   6.6 |   5.1 |  15.9 |  48.4 |   8.5 | 29822.0
        Vaults |  20.1 |  18.8 |  58.0 |  22.6 |  30.0 | 63559.0
        Depths |  10.8 |  11.5 |   0.0 |   1.6 |  17.8 | 47025.5
     Labyrinth |   0.1 |   0.1 |   0.0 |   0.0 |   0.2 | 2558.0
      Ice Cave |   2.6 |   2.8 |   0.0 |   0.0 |   1.0 | 11004.0
        Wizlab |   1.5 |   1.6 |   0.0 |   0.0 |   0.9 | 9996.0
               +-------+-------+-------+-------+-------+----------------------
